 Dungeon Crawl Stone Soup version 0.16.0-8-gd9ae3a8 (webtiles) character file.

252 hulla the Changer (level 6, 0/38 HPs)
             Began as an Octopode Transmuter on Mar 16, 2015.
             Shot with an arrow by a centaur (6 damage)
             ... on level 4 of the Dungeon.
             The game lasted 00:43:05 (4127 turns).

hulla the Changer (Octopode Transmuter)             Turns: 4127, Time: 00:43:05

Health: 0/38       AC:  2    Str:  9    XL:     6   Next: 13%
Magic:  7/10       EV: 20    Int: 17    God:
Gold:   184        SH:  0    Dex: 18    Spells: 3 memorised, 3 levels left

rFire  . . .     SeeInvis .       - Unarmed
rCold  . . .     Clarity  .     (shield currently unavailable)
rNeg   . . .     SustAb   .     (helmet currently unavailable)
rPois  x         Gourm    .     (no amulet)
rElec  .         Spirit   .     C - ring of wizardry
rCorr  .         Warding  .     (no ring)
rMut   .         Stasis   .     (no ring)
MR     .....                    (no ring)
Stlth  ++........               (no ring)
                                (no ring)
                                (no ring)
                                (no ring)

@: spider-form, not resistant to hostile enchantments, unstealthy
A: almost no armour, amphibious, 8 rings, (constrict 8), (camouflage 0),
(gelatinous body 0)
a: End Transformation


You were on level 4 of the Dungeon.
You were not hungry.
You were a venomous arachnid creature.
You visited 1 branch of the dungeon, and saw 4 of its levels.

You collected 184 gold pieces.

Inventory:

Hand weapons
 a - a +0 hunting sling
 q - a +0 dagger
 D - a +0 trident
Missiles
 b - 26 arrows
 e - 33 poisoned needles
 g - 99 stones (quivered)
 y - a throwing net
Jewellery
 C - a ring of wizardry (left front leg)
Magical devices
 t - a wand of flame (9)
Scrolls
 c - a scroll of teleportation {unknown}
 h - 2 scrolls of remove curse
 i - a scroll of blinking {unknown}
 k - a scroll of fear {unknown}
 l - 4 scrolls of enchant weapon {unknown}
 v - a scroll of identify {unknown}
 w - a scroll of enchant armour {unknown}
 x - a scroll of magic mapping {unknown}
 A - 2 scrolls of random uselessness {unknown}
Potions
 j - 2 potions of brilliance {unknown}
 m - a potion of degeneration {unknown}
 n - 3 potions of agility {unknown}
 o - 2 potions of curing
 u - 3 potions of flight {unknown}
 E - a potion of cure mutation {unknown}
Books
 d - a book of Changes

   Spells                             Type                      Level
   a - Beastly Appendage              Transmutation                1
   b - Sticks to Snakes               Transmutation                2
   c - Spider Form                    Transmutation/Poison         3
   d - Ice Form                       Ice/Transmutation            4
   e - Blade Hands                    Transmutation                5
 B - a book of Hinderance

   Spells                             Type                      Level
   a - Confusing Touch                Hexes                        2
   b - Confuse                        Hexes                        3
   c - Petrify                        Transmutation/Earth          4
   d - Metabolic Englaciation         Hexes/Ice                    5
   e - Gell's Gravitas                Hexes/Translocation          5
   f - Summon Mana Viper              Hexes/Summoning              5
Comestibles
 f - a beef jerky
 p - 4 bread rations
 r - a royal jelly
 s - 2 meat rations
 z - 5 chunks of flesh


   Skills:
 - Level 1.0 Fighting
 - Level 2.0 Dodging
 - Level 3.0 Unarmed Combat
 - Level 2.0 Spellcasting
 * Level 5.5 Transmutations
 - Level 3.1 Poison Magic


You had 3 spell levels left.
You knew the following spells:

 Your Spells              Type           Power        Failure   Level  Hunger
a - Beastly Appendage     Trmt           ###...       3%          1    #......
b - Sticks to Snakes      Trmt           ###.......   4%          2    ###....
c - Spider Form           Trmt/Pois      ###.......   12%         3    ###....


Dungeon Overview and Level Annotations

Branches:
Dungeon (4/15)
 Temple: D:4-7

Altars:
Nemelex Xobeh
Yredelemnul


Innate Abilities, Weirdness & Mutations

You cannot wear most types of armour.
You are amphibious.
You can wear up to eight rings at the same time.
((You can use your tentacles to constrict many enemies at once.))
((Your skin changes colour to match your surroundings (Stealth).))
((Your rubbery body absorbs attacks (AC +1).))


Message History

You kill the rat!
z - 7 chunks of flesh (gained 1)
E - an orange potion Your tentacle spike disappears.
Some of the chunks of flesh in your inventory have rotted away.
Some of the chunks of flesh in your inventory have rotted away.
A centaur comes into view.
The centaur shouts!
The centaur wields a shortbow.
The centaur shoots an arrow.
The arrow hits you!
You see here an arrow.
Casting: Beastly Appendage
Confirm with . or Enter, or press ? or * to list all spells.
You turn into a venomous arachnid creature.
The centaur shoots an arrow.
The arrow hits you.
The centaur shoots an arrow.
The arrow closely misses you.
You see here an arrow.
The centaur shoots an arrow.
The arrow hits you!!
* * * LOW HITPOINT WARNING * * *
The centaur shoots an arrow.
The arrow hits you.
You die...

......# ##..... ###
....# #....## ##...
#.... ##...## .....##
#... ##...## ....... #..
#...## #.....c.### #..##
##..##
#......(.#####..####..##
##......(...###......##
##..#####..s...####..# #
## ###...## ##.## #
##### ##.## # ##.## #
##.# ###


You could see a centaur.

Vanquished Creatures
  An orc priest (D:3)
  An orc wizard (D:3)
  An iguana (D:4)
  Terence (D:2)
  5 adders
  2 giant mites (D:3)
  2 worms
  A giant gecko (D:2)
  9 orcs
  5 giant cockroaches
  14 goblins
  8 hobgoblins
  4 jackals (D:3)
  A quokka (D:3)
  A ball python (D:2)
  A ball python skeleton (D:4)
  5 bats
  4 giant newts
  8 kobolds
  10 rats
84 creatures vanquished.

Notes
Turn   | Place    | Note
--------------------------------------------------------------
     0 | D:1      | hulla, the Octopode Transmuter, began the quest for the Orb.
     0 | D:1      | Reached XP level 1. HP: 13/13 MP: 3/3
   147 | D:1      | Reached XP level 2. HP: 13/18 MP: 2/4
  1064 | D:1      | Reached XP level 3. HP: 12/23 MP: 4/6
  1219 | D:2      | Learned a level 2 spell: Sticks to Snakes
  1264 | D:2      | Reached skill level 4 in Transmutations
  1275 | D:2      | Learned a level 3 spell: Spider Form
  1461 | D:2      | Reached XP level 4. HP: 23/28 MP: 5/7
  1462 | D:2      | Noticed Terence
  1487 | D:2      | Reached skill level 1 in Poison Magic
  2249 | D:2      | Killed Terence
  2411 | D:2      | Reached XP level 5. HP: 29/33 MP: 9/9
  2803 | D:3      | Found a sparkling altar of Nemelex Xobeh.
  3262 | D:3      | Found a basalt altar of Yredelemnul.
  3348 | D:3      | Reached skill level 5 in Transmutations
  3667 | D:4      | Reached XP level 6. HP: 38/38 MP: 3/10
  4127 | D:4      | Shot with an arrow by a centaur

Action                   |  1- 3 |  4- 6 || total
-------------------------+-------+-------++-------
Melee: Unarmed           |    65 |    86 ||   151
 Fire: Hunting sling     |       |    53 ||    53
Throw: Stone             |    33 |    18 ||    51
 Cast: Beastly Appendage |    16 |     9 ||    25
       Sticks to Snakes  |     2 |       ||     2
       Spider Form       |       |    12 ||    12
Evoke: Wand              |       |     3 ||     3
  Use: Scroll            |       |     1 ||     1
 Stab: Sleeping          |       |     2 ||     2
  Eat: Chunk             |     2 |    10 ||    12
